 Dungeon Crawl Stone Soup version 0.27.0-1-g7a089689b8 (webtiles) character file.

Game seed: 3438899553359536510

315 Strat the Sneak (level 6, -3/44 HPs)
             Began as a Vampire Hedge Wizard on Aug 14, 2021.
             Slain by a gnoll (7 damage)
             ... on level 6 of the Dungeon.
             The game lasted 00:17:58 (5569 turns).

Strat the Sneak (Vampire Hedge Wizard)              Turns: 5569, Time: 00:17:59

Health: -3/44      AC:  3    Str:  9    XL:     6   Next: 20%
Magic:  10/10      EV: 12    Int: 18    God:
Gold:   349        SH:  0    Dex: 14    Spells: 4/11 levels left

rFire    . . .     SeeInvis +   a - +1 dagger
rCold    . . .     Faith    .   (no shield)
rNeg     . . .     Spirit   .   m - +0 leather armour
rPois    .         Reflect  .   c - +0 hat
rElec    .         Harm     .   (no cloak)
rCorr    .         Rampage  .   (no gloves)
Will     .....                  (no boots)
Stlth    +++.......             B - amulet of magic regeneration
HPRegen  0.34/turn              (no ring)
MPRegen  0.37/turn              (no ring)

@: healing quickly
A: alive, fangs 3, see invisible, vampiric 2
a: Exsanguinate


You were on level 6 of the Dungeon.
You visited 1 branch of the dungeon, and saw 6 of its levels.

You collected 349 gold pieces.

Inventory:

Hand Weapons
 a - a +1 dagger (weapon)
 b - a +0 short sword of speed
 x - a +1 short sword of flaming
Missiles
 e - 167 stones
 j - 17 sling bullets
 k - 23 poisoned darts
 l - 4 javelins
 o - 6 boomerangs
 r - a throwing net
Armour
 c - a +0 hat (worn)
 i - a +0 robe
 m - a +0 leather armour (worn)
Jewellery
 B - an amulet of magic regeneration (around neck)
Scrolls
 d - 2 scrolls of noise
 f - a scroll of fog
 h - 2 scrolls of magic mapping
 s - a scroll of torment {unknown}
 v - a scroll of enchant armour {unknown}
 w - 2 scrolls of vulnerability {unknown}
 y - a scroll of identify
 z - 2 scrolls of immolation {unknown}
 A - a scroll of amnesia {unknown}
Potions
 g - a potion of brilliance
 n - 2 potions of magic
 p - 2 potions of curing {unknown}
 q - 2 potions of resistance {unknown}
 t - a potion of berserk rage {unknown}
 u - a potion of degeneration {unknown}


   Skills:
 + Level 1.7 Fighting
 + Level 4.3 Short Blades
 - Level 3.0 Dodging
 + Level 5.7 Stealth
 - Level 3.0 Spellcasting
 - Level 0.6 Conjurations
 - Level 2.0 Summonings
 - Level 0.7 Translocations


You had 4 spell levels left.
You knew the following spells:

 Your Spells              Type           Power      Damage    Failure   Level
a - Magic Dart            Conj           16%        1d3       19%         1
b - Blink                 Tloc           N/A        N/A       26%         2
c - Call Imp              Summ           9%         N/A       16%         2
d - Slow                  Hex            2%         N/A       34%         2

Your spell library contained the following spells:

 Spells                   Type           Power      Damage    Failure   Level
 Call Canine Familiar     Summ           9%         N/A       30%         3
 Conjure Flame            Conj/Fire      3%         6-21      52%         3
 Portal Projectile        Hex/Tloc       6%         N/A       52%         3
 Mephitic Cloud           Conj/Pois/Air  3%         N/A       54%         3
 Leda's Liquefaction      Hex/Erth       1%         N/A       92%         4
 Petrify                  Tmut/Erth      2%         N/A       92%         4
 Irradiate                Conj/Tmut      1%         3d14      99%         5
 Sublimation of Blood     Necr           Unusable   N/A       N/A         2

Dungeon Overview and Level Annotations

Branches:
Dungeon (6/15)
 Temple: D:4-7

Altars:
Cheibriados
Makhleb
Uskayaw
Vehumet

Shops:
D:4 [

Annotations:
D:4 2 transporters, MrDassem's ghost, novice MiFi


Innate Abilities, Weirdness & Mutations

Your natural rate of healing is accelerated.
You have razor-sharp teeth.
You have supernaturally acute eyesight. (SInv)
You are afflicted with vampirism and can become a bat while bloodless.


Message History

Found a red potion.
Found a scroll of noise.
Found a scroll of identify.
A water moccasin comes into view.
The water moccasin hisses angrily.
A centaur comes into view.
Found a scroll labelled KOUROQ FECH.
Found an escape hatch in the ceiling.
A hound comes into view.
The centaur wields a +0 shortbow.
The centaur shoots an arrow.
The arrow hits you!
A gnoll comes into view. It is wielding a +0 club.
The centaur shoots an arrow.
The arrow hits you!
* * * LOW HITPOINT WARNING * * *
The gnoll shaman calls upon its god to speed up the gnoll.
The gnoll seems to speed up.
The centaur shoots an arrow.
The arrow hits you!
* * * LOW HITPOINT WARNING * * *
As you read the scroll of fog, it crumbles to dust.
The scroll dissolves into smoke.
The centaur shoots an arrow.
The arrow misses you.
A water moccasin comes into view.
The water moccasin bites you!
* * * LOW HITPOINT WARNING * * *
The gnoll closely misses you. 2 gnolls come into view.
The gnoll shouts!
A bullfrog skeleton comes into view.
Found 16 gold pieces.
The gnoll shaman calls upon its god to speed up something.
The water moccasin completely misses you.
The water moccasin barely misses you.
Found a scroll labelled HEHUDUYKHLO.
The water moccasin bites you.
* * * LOW HITPOINT WARNING * * *
The water moccasin bites you.
* * * LOW HITPOINT WARNING * * *
Unknown command.
The hound closely misses you. The gnoll barely misses you.
The hound closely misses you.
The gnoll hits you from afar with a +0 spear!
You die...

.(...§§§§§.?........
......§§§.§....# ..##
.....§§g§§#g.####...#
.g.g..§§§.#...#.#...#
.....##§......g?....#
.#########..g.g.g..#
## ##..c##.S.### #
####g.h....#
#...@....# ##.##...##
#.. .### #.. .#
##.... .. ... ...


You could see a water moccasin, a centaur, a gnoll shaman, a hound and 2 gnolls.

Vanquished Creatures
  A bullfrog skeleton (D:5)
  An iguana (D:4)
  2 hound skeletons
  A gnoll (D:3)
  An adder (D:3)
  A worm (D:3)
  5 dart slugs
  3 orcs
  3 bats
  4 endoplasms
  3 giant cockroaches (D:2)
  5 goblins
  4 hobgoblins
  6 jackals
  6 kobolds
  2 quokkas
  A ball python (D:3)
  5 frilled lizards
  7 rats
61 creatures vanquished.

Vanquished Creatures (collateral kills)
  A bullfrog (D:4)
  A bullfrog zombie (D:3)
  A bullfrog skeleton (D:4)
  Jessica (D:2)
  A hound zombie (D:5)
  2 adders
  3 gnolls (D:3)
  2 white imps
  A worm (D:3)
  4 orcs
  3 ball pythons
  2 giant cockroaches
  A goblin (D:1)
  6 jackals
  A quokka (D:1)
  4 kobolds
34 creatures vanquished.

Grand Total: 95 creatures vanquished

Notes
Turn   | Place    | Note
-------+----------+-------------------------------------------
     0 | D:1      | Strat the Vampire Hedge Wizard began the quest for the Orb.
     0 | D:1      | Reached XP level 1. HP: 13/13 MP: 4/4
   388 | D:1      | Reached XP level 2. HP: 20/20 MP: 4/6
   395 | D:1      | Learned a level 2 spell: Blink
   398 | D:1      | Learned a level 2 spell: Call Imp
   529 | D:1      | Reached skill level 1 in Fighting
  1102 | D:2      | Noticed Jessica
  1180 | D:2      | Gained mutation: You are afflicted with vampirism and can
                  | become a bat while bloodless. [Vampire growth]
  1180 | D:2      | Reached XP level 3. HP: 26/26 MP: 4/7
  1303 | D:2      | Learned a level 2 spell: Slow
  1670 | D:2      | Reached skill level 4 in Stealth
  1727 | D:2      | Killed Jessica
  1923 | D:2      | Reached skill level 1 in Short Blades
  2115 | D:2      | Reached XP level 4. HP: 31/32 MP: 8/8
  2208 | D:3      | Found a faded altar of an unknown god.
  2236 | D:3      | Noticed a sky beast
  3031 | D:3      | Reached skill level 5 in Stealth
  3363 | D:3      | Reached XP level 5. HP: 31/37 MP: 3/9
  3594 | D:4      | Found a transporter.
  3596 | D:4      | Noticed MrDassem's ghost (novice MiFi)
  3909 | D:4      | Found a transporter.
  4151 | D:4      | Found Idoeneeh's Antique Armour Emporium.
  4274 | D:4      | Found a hide-covered altar of Uskayaw.
  4274 | D:4      | Found a radiant altar of Vehumet.
  4282 | D:4      | Found a faded altar of an unknown god.
  4284 | D:4      | Found a burning altar of Makhleb.
  4285 | D:4      | Found a snail-covered altar of Cheibriados.
  4364 | D:5      | Entered Level 5 of the Dungeon
  4759 | D:5      | Reached XP level 6. HP: 32/43 MP: 5/10
  5460 | D:6      | Noticed a sky beast
  5548 | D:6      | Noticed a water moccasin
  5557 | D:6      | Noticed a water moccasin
  5564 | D:6      | HP: 2/44 [water moccasin (4)]
  5569 | D:6      | Slain by a gnoll

Illustrated notes

Levels and vault maps discovered:
D:1:      dpeg_arrival_central, layout_basic, st_stairs_8
D:2:      layout_loops_cross, uniq_jessica
D:3:      minmay_evil_eye, layout_rooms, dreamdust_ecumenical_altar_statues
D:4:      layout_cave_pools, chequers_temple_overflow_minitemple, serial_shops,
          nicolae_square_shop, gammafunk_ghost_arena
D:5:      layout_basic
D:6:      layout_cave_pools, tgw_xom, serial_shops, nicolae_square_shop,
          kennysheep_potato

Skill      XL: |  1  2  3  4  5 |
---------------+----------------+-----
Fighting       | 1 |  1.7
Dodging        | 3 |  3.0
Stealth        | 4 5 |  5.7
Short Blades   | 1 3 4 |  4.3
Summonings     | 2 |  2.0
Spellcasting   | |  3.0
Conjurations   | |  0.6
Translocations | |  0.7

Action                   |  1- 3 |  4- 6 || total
-------------------------+-------+-------++-------
Melee: Dagger            |   124 |    67 ||   191
       Bite              |    12 |    18 ||    30
       Short sword       |       |   104 ||   104
 Cast: Magic Dart        |    36 |    11 ||    47
       Call Imp          |    13 |    41 ||    54
  Use: Scroll            |       |     7 ||     7
 Stab: Sleeping          |     6 |     6 ||    12
       Distracted        |       |     2 ||     2
Armor: Robe              |     7 |       ||     7
       Leather armour    |    22 |    36 ||    58
Dodge: Dodged            |    94 |   132 ||   226
